 Dungeon Crawl Stone Soup version 0.30.0-11-gf55b779eaf (webtiles) character file.

Game seed: 9475963580569864338

140632 Pimp the Warrior (level 17, -11/116 HPs)
             Began as a Tengu Hunter on May 16, 2023.
             Was the Champion of Okawaru.
             Killed from afar by a shock serpent (29 damage)
             ... with a bolt of electricity
             ... on level 2 of the Snake Pit.
             The game lasted 01:26:42 (30424 turns).

Pimp the Warrior (Tengu Hunter)                    Turns: 30424, Time: 01:26:43

Health: -11/116    AC: 18    Str: 12    XL:     17   Next: 31%
Magic:  0/31       EV: 26    Int: 13    God:    Okawaru [******]
Gold:   1547       SH: 21    Dex: 37    Spells: 29/35 levels left

rFire   . . .        P - +5 hand crossbow (heavy)
rCold   . . .        N - +3 kite shield
rNeg    . . .        S - +8 ring mail of the Loofah {rPois rCorr}
rPois   +            H - +2 hat
rElec   .            F - +0 cloak
rCorr   +            Z - +0 pair of gloves
SInv    .            (boots unavailable)
Will    +++..        M - amulet of Enloh {Spirit Drain Will++ rCorr Dex+3}
Stlth   +++++        J - +6 ring of dexterity
HPRegen 0.39/turn    D - +6 ring of dexterity
MPRegen 0.22/turn

%: random rage (3%), guardian spirit
@: flying quickly and evasively, quick
A: beak, talons 3, nimble flight, berserk 1
a: Renounce Religion, Heroism, Finesse, Duel


You were on level 2 of the Snake Pit.
You worshipped Okawaru.
Okawaru was exalted by your worship.
You visited 5 branches of the dungeon, and saw 25 of its levels.
You also visited: Sewer, Ossuary and Bailey.

You collected 3023 gold pieces.
You spent 1476 gold pieces at shops.

Inventory:

Hand Weapons
 c - a +3 longbow of freezing
 u - a +5 dagger of venom
 y - a +0 arbalest of flaming
 z - the +5 dagger "Pimp's Curse" {vamp, *Slow +Blink rC+ Will+}
   (You found it on level 9 of the Dungeon)

   rC:        It protects you from cold.
   +Blink:    It lets you blink.
   *Slow:     It may slow you when you take damage.
   Will:      It increases your willpower.
 I - a +2 scimitar of flaming
 L - a +0 quick blade of draining
 P - a +5 heavy hand crossbow (weapon)
 Y - the +0 hand crossbow of Suicidal Tendencies {freeze, rElec rC+ rCorr Stlth+}
   (Okawaru gifted it to you on level 2 of the Snake Pit)

   rC:        It protects you from cold.
   rElec:     It insulates you from electricity.
   rCorr:     It protects you from acid and corrosion.
   Stlth:     It makes you more stealthy.
Armour
 t - the +13 crystal plate armour of Vexation {rF+ rC+}
   (Okawaru gifted it to you on level 5 of the Lair of Beasts)

   rF:        It protects you from fire.
   rC:        It protects you from cold.
 F - a +0 cloak (worn)
 H - a +2 hat (worn)
 N - a +3 kite shield (worn)
 S - the +8 ring mail of the Loofah (worn) {rPois rCorr}
   (Okawaru gifted it to you on level 4 of the Lair of Beasts)

   rPois:     It protects you from poison.
   rCorr:     It protects you from acid and corrosion.
 Z - a +0 pair of gloves (worn)
Jewellery
 a - a ring of see invisible
 g - a ring of poison resistance
 j - a +4 ring of protection
 m - a ring of positive energy
 r - an amulet of reflection
 C - a ring of willpower
 D - a +6 ring of dexterity (right hand)
 G - a ring of ice
 J - a +6 ring of dexterity (left hand)
 M - the amulet of Enloh (around neck) {Spirit Drain Will++ rCorr Dex+3}
   (You bought it in a shop on level 2 of the Orcish Mines)

   [amulet of guardian spirit]

   It causes incoming damage to be divided between your reserves of health and
   magic.
   Dex:       It affects your dexterity (+3).
   rCorr:     It protects you from acid and corrosion.
   Drain:     It drains your maximum health when unequipped.
   Will:      It greatly increases your willpower.
 U - an amulet of magic regeneration
Wands
 f - a wand of flame (68)
 i - a wand of roots (21)
 p - a wand of light (19)
 A - a wand of mindburst (10)
 B - a wand of digging (2)
 K - a wand of polymorph (4)
Scrolls
 b - 6 scrolls of immolation
 l - 9 scrolls of teleportation
 q - 8 scrolls of fog
 v - 6 scrolls of amnesia
 E - 16 scrolls of identify
 R - 5 scrolls of poison
 T - 3 scrolls of magic mapping
 X - a scroll of brand weapon
Potions
 d - 5 potions of curing
 e - 5 potions of lignification
 h - 5 potions of haste
 n - 2 potions of magic
 o - 5 potions of flight
 s - 3 potions of berserk rage
 w - 4 potions of cancellation
 x - 7 potions of brilliance
 O - 2 potions of ambrosia
 Q - 4 potions of might
 W - 2 potions of attraction


   Skills:
 - Level 16.5 Fighting
 - Level 8.0 Short Blades
 - Level 11.5 Ranged Weapons
 - Level 5.3 Armour
 - Level 10.8 Dodging
 - Level 10.2 Stealth
 - Level 14.5 Shields
 + Level 9.9 Spellcasting
 + Level 8.9 Transmutations
 + Level 8.2 Earth Magic


You had 29 spell levels left.
You knew the following spells:

 Your Spells              Type           Power      Damage    Failure   Level
a - Statue Form           Tmut/Erth      18%        N/A       91%         6

Your spell library contained the following spells:

 Spells                   Type           Power      Damage    Failure   Level
 Beastly Appendage        Tmut           58%        N/A       1%          1
 Sandblast                Erth           54%        2d13      1%          1
 Wereblood                Tmut           29%        N/A       1%          2
 Passwall                 Tmut/Erth      23%        N/A       2%          2
 Petrify                  Tmut/Erth      28%        N/A       14%         4
 Spider Form              Tmut/Pois      18%        N/A       22%         3
 Stone Arrow              Conj/Erth      34%        3d9       26%         3
 Blade Hands              Tmut           14%        N/A       32%         5
 Magic Dart               Conj           24%        1d4       43%         1
 Necrotise                Necr           24%        1d5       43%         1
 Blink                    Tloc           12%        N/A       58%         2
 Lesser Beckoning         Tloc           12%        N/A       58%         2
 Momentum Strike          Conj/Tloc      12%        3d8       58%         2
 Searing Ray              Conj           12%        2d4       58%         2
 Portal Projectile        Hex/Tloc       12%        N/A       82%         3
 Vampiric Draining        Necr           6%         2d6       82%         3
 Alistair's Intoxication  Tmut/Pois      12%        N/A       91%         5
 Yara's Violent Unravell  Hex/Tmut       9%         3d6       91%         5
 Borgnjor's Vile Clutch   Necr/Erth      8%         N/A       94%         5
 Fulminant Prism          Conj/Hex       3%         3d5       99%         4
 Passage of Golubria      Tloc           6%         N/A       99%         4
 Agony                    Necr           6%         N/A       100%        5
 Metabolic Englaciation   Hex/Ice        3%         N/A       100%        5
 Eringya's Noxious Bog    Tmut/Pois      9%         N/A       100%        6
 Ozocubu's Refrigeration  Ice            3%         4d8       100%        7
 Polar Vortex             Ice            3%         N/A       100%        9
 Tukima's Dance           Hex            Unusable   N/A       N/A         3
 Summon Forest            Summ/Tloc      Unusable   N/A       N/A         5
 Simulacrum               Ice/Necr       Unusable   N/A       N/A         6
 Summon Hydra             Summ           Unusable   N/A       N/A         7

Dungeon Overview and Level Annotations

Branches:
Dungeon (14/15)            Temple (1/1) D:4            Lair (5/5) D:9
 Shoals (0/4) Lair:3        Snake (3/4) Lair:3        Slime (0/5) Lair:4
    Orc (2/2) D:12            Elf (0/3) Orc:2         Sewer (visited)
Ossuary (visited)          Bailey (visited)
 Vaults: D:13-14

Altars:
Ashenzari
Cheibriados
Dithmenos
Elyvilon
Fedhas
Gozag
Kikubaaqudgha
Makhleb
Okawaru
Qazlal
Ru
Sif Muna
Trog
Uskayaw
Vehumet
Xom
Zin
The Shining One
Jiyva

Shops:
D:12 (   Orc:2 =!=(*

Annotations:
D:10 2 transporters, exclusions: ice statue and oklob plant, jasper's ghost, novice SpVM
Lair:1 3 runed translucent doors, jasper's ghost, novice SpVM
Lair:4 exclusion: oklob plant
Snake:2 1 runed translucent door


Innate Abilities, Weirdness & Mutations

You have a beak for a mouth.
You have claws for feet.
Your magical nature lets you fly swiftly and evasively.
You sometimes lose your temper in combat.


Message History

The shock serpent shocks you! You block the anaconda's attack.
The anaconda constricts you. You block the shock serpent's attack.
The anaconda completely misses you. The anaconda constricts you.
The shock serpent bites you but does no damage.
The anaconda completely misses you. The anaconda constricts you.
You shoot a bolt. The bolt closely misses the anaconda.
The anaconda closely misses you. The anaconda constricts you.
* * * LOW HITPOINT WARNING * * *
The shock serpent misses you. The anaconda bites you!
* * * LOW HITPOINT WARNING * * *
The anaconda constricts you.
* * * LOW HITPOINT WARNING * * *
You block the shock serpent's attack. You block the anaconda's attack.
The anaconda constricts you.
* * * LOW HITPOINT WARNING * * *
You block the shock serpent's attack.
You shoot a bolt. The bolt hits the anaconda!!
You kill the anaconda!
Okawaru accepts your kill. You block the shock serpent's attack.
The shock serpent barely misses you.
The shock serpent shoots out a bolt of lightning at you!
The bolt of electricity hits you!!
* * * LOW HITPOINT WARNING * * *
You feel better.
The shock serpent shoots out a bolt of lightning at you!
The bolt of electricity misses you. The shock serpent misses you.
You feel better. You block the shock serpent's attack.
You shoot a bolt.
The bolt barely misses the shock serpent.
You block the shock serpent's attack.
The shock serpent shoots out a bolt of lightning at you!
The bolt of electricity hits you!
* * * LOW HITPOINT WARNING * * *
The shock serpent bites you.
* * * LOW HITPOINT WARNING * * *
The shock serpent shocks you!
* * * LOW HITPOINT WARNING * * *
The shock serpent shoots out a bolt of lightning at you!
The bolt of electricity hits you!!
You die...

....##...............##....#
....##.....##........##....#
....##.....##........##....#
#'#######.#############....#
.)# ##'# ##...# )## #..#
##### #...# ..# #..#
####...# #...# ⌠.##
#..###....S.# #...# ...#
#.##.....@..# #...#
...#######.....##### #####
#..........).###############
##..).⌠....###.............#
.##.....).##...............#
..#.⌠...⌠.#................#
.##.......##...............#
##....⌠....##..............#
............##.............#


You could see a shock serpent.

Vanquished Creatures
  Gastronok (D:8)
  A nagaraja (Snake:3)
  Nessos (D:13)
  Snorg (Lair:4)
  A yaktaur captain (D:13)
  An ettin (Orc:1)
  4 hydras
  A death knight (D:13)
  Erolcha (Orc:2)
  3 two-headed ogres
  6 anacondas
  A boulder beetle (Lair:4)
  A catoblepas (Lair:2)
  7 naga warriors
  Erica (D:9)
  A centaur warrior (D:13)
  10 death yaks
  8 shock serpents
  9 naga sharpshooters
  Lodul (D:13)
  4 skeletal warriors (D:13)
  4 naga ritualists
  Pikel (D:6)
  5 orc knights
  10 mana vipers
  3 phantasmal warriors (D:13)
  5 oklob plants (Lair:4)
  2 deep elf pyromancers
  3 salamanders
  A wolf spider (Lair:5)
  11 orc sorcerers
  5 ugly things
  2 manticores (D:12)
  7 cyclopes
  Maurice (D:8)
  6 elephants (Lair:4)
  36 black mambas
  2 guardian serpents
  14 naga magi
  Joseph (D:7)
  21 cane toads
  4 rime drakes
  5 kobold demonologists
  8 komodo dragons
  10 polar bears (Lair:5)
  6 trolls
  3 hornets (Lair:5)
  2 dream sheep (Lair:5)
  A raiju (Lair:5)
  9 blink frogs
  17 wyverns
  2 wraiths (D:11)
  A vampire (D:12)
  2 shadows
  58 yaks
  8 vampire mosquitoes
  8 basilisks
  A steam dragon (D:7)
  A redback (Lair:5)
  Edmund (D:4)
  6 wargs
  3 acid dragons
  39 nagas
  20 water moccasins
  16 hell hounds (Lair:5)
  An ice beast (D:8)
  A sky beast (D:7)
  31 orc warriors
  24 wolves
  13 black bears
  20 ogres
  4 centaurs
  5 kobold brigands
  Blork the orc (D:4)
  15 bullfrogs
  2 gnoll sergeants
  A scorpion (D:6)
  3 wights (D:9)
  5 killer bees
  A howler monkey (D:11)
  13 orc priests
  3 hounds
  A jelly (D:7)
  2 gnoll boudas
  3 iguanas
  26 orc wizards
  Natasha (thrice) (D:3)
  5 hell rats (Lair:3)
  13 mummies (Ossuary)
  16 gnolls
  11 adders
  6 river rats (Sewer)
  3 worms
  2 dart slugs
  84 orcs
  2 bats
  8 endoplasms
  6 giant cockroaches
  14 goblins
  8 hobgoblins
  3 jackals (D:4)
  31 kobolds
  6 quokkas
  15 ball pythons
  3 frilled lizards
  2 gnoll skeletons (Ossuary)
  2 goblin skeletons (Ossuary)
  2 kobold skeletons (Ossuary)
  2 orc skeletons (Ossuary)
  34 rats
  11 rat skeletons (Ossuary)
902 creatures vanquished.

Notes
Turn   | Place    | Note
-------+----------+-------------------------------------------
     0 | D:1      | Pimp the Tengu Hunter began the quest for the Orb.
     0 | D:1      | Reached XP level 1. HP: 12/12 MP: 2/2
    38 | D:1      | Reached XP level 2. HP: 13/17 MP: 3/3
    84 | D:1      | Found a faded altar of an unknown god.
   417 | D:1      | Reached XP level 3. HP: 22/22 MP: 4/4
   786 | D:2      | Identified the +0 dagger of Symmetry {venom, Fly rC- rCorr
                  | SInv}
   917 | D:2      | Found a shimmering altar of Xom.
  1061 | D:2      | Reached XP level 4. HP: 27/27 MP: 5/5
  1201 | D:3      | Found a glowing drain.
  1240 | Sewer    | Entered a sewer
  1280 | Sewer    | Reached skill level 5 in Ranged Weapons
  1324 | Sewer    | Reached skill level 3 in Fighting
  1324 | Sewer    | Gained mutation: Your magical nature lets you fly swiftly
                  | and evasively. [Tengu growth]
  1324 | Sewer    | Reached XP level 5. HP: 18/32 MP: 6/6
  1585 | Sewer    | Reached XP level 6. HP: 9/37 MP: 7/7
  2127 | D:3      | Noticed Natasha
  2137 | D:3      | Killed Natasha
  2165 | D:3      | Noticed Natasha
  2171 | D:3      | Killed Natasha
  2172 | D:3      | Reached XP level 7. HP: 42/42 MP: 8/8
  2229 | D:3      | Noticed Natasha
  2235 | D:3      | Killed Natasha
  2236 | D:3      | Reached skill level 4 in Fighting
  2298 | D:4      | Found a staircase to the Ecumenical Temple.
  2323 | Temple   | Entered the Ecumenical Temple
  2374 | Temple   | Became a worshipper of Warmaster Okawaru
  2442 | D:4      | Found a snail-covered altar of Cheibriados.
  2442 | D:4      | Found a sacrificial altar of Ru.
  2451 | D:4      | Found a radiant altar of Vehumet.
  2553 | D:4      | Noticed Edmund
  2583 | D:4      | Killed Edmund
  2794 | D:4      | Noticed Blork the orc
  2797 | D:4      | Killed Blork the orc
  2892 | D:5      | Entered Level 5 of the Dungeon
  2906 | D:5      | Reached * piety under Okawaru
  2913 | D:5      | Reached skill level 5 in Dodging
  3001 | D:5      | Found a sand-covered staircase.
  3006 | Ossuary  | Entered an ossuary
  3123 | Ossuary  | Reached XP level 8. HP: 48/48 MP: 9/9
  3667 | D:5      | Reached skill level 5 in Fighting
  3667 | D:5      | Reached skill level 5 in Stealth
  3912 | D:5      | Noticed a wyvern
  3921 | D:5      | Killed a wyvern
  4227 | D:5      | Reached ** piety under Okawaru
  4858 | D:6      | Reached XP level 9. HP: 55/55 MP: 10/10
  4943 | D:6      | Noticed Pikel
  4957 | D:6      | Killed Pikel
  4957 | D:6      | Reached *** piety under Okawaru
  4958 | D:6      | Reached skill level 6 in Fighting
  6107 | D:7      | Noticed Joseph
  6123 | D:7      | Killed Joseph
  6155 | D:7      | Found a flagged portal.
  6164 | Bailey   | Entered a bailey
  6482 | Bailey   | Reached skill level 7 in Fighting
  6759 | Bailey   | Reached XP level 10. HP: 63/63 MP: 11/11
  7079 | Bailey   | Noticed an orc knight
  7079 | Bailey   | Noticed an orc knight
  7504 | Bailey   | Killed an orc knight
  7504 | Bailey   | Reached **** piety under Okawaru
  8018 | Bailey   | Killed an orc knight
  8308 | D:7      | Reached skill level 8 in Fighting
  8611 | D:7      | Found a stormy altar of Qazlal.
  9259 | D:8      | Noticed Gastronok
  9269 | D:8      | Killed Gastronok
  9269 | D:8      | Reached ***** piety under Okawaru
  9269 | D:8      | Received a gift from Okawaru
  9270 | D:8      | Reached skill level 9 in Fighting
  9270 | D:8      | Reached skill level 10 in Ranged Weapons
  9270 | D:8      | Reached XP level 11. HP: 58/71 MP: 12/12
  9682 | D:8      | Noticed Maurice
  9693 | D:8      | Killed Maurice
 10282 | D:9      | Received a gift from Okawaru
 10283 | D:9      | Reached skill level 1 in Armour
 10404 | D:9      | Reached skill level 10 in Fighting
 10569 | D:9      | Found a glowing silver altar of Zin.
 10735 | D:9      | Found a staircase to the Lair.
 10810 | D:9      | Identified the +5 dagger "Pimp's Curse" {vamp, *Slow +Blink
                  | rC+ Will+}
 10860 | D:9      | Noticed Erica
 10998 | D:9      | Reached skill level 15 in Fighting
 10998 | D:9      | Reached XP level 12. HP: 88/88 MP: 13/13
 11060 | D:9      | Killed Erica
 11288 | D:10     | Entered Level 10 of the Dungeon
 11784 | D:10     | Found a transporter.
 11795 | D:10     | Noticed a two-headed ogre
 11796 | D:10     | Noticed jasper's ghost (novice SpVM)
 11800 | D:10     | Noticed a two-headed ogre
 11804 | D:10     | Found a transporter.
 11832 | D:10     | Reached skill level 10 in Dodging
 11942 | D:10     | Noticed a two-headed ogre
 11971 | D:10     | Reached skill level 16 in Fighting
 12359 | D:11     | Reached skill level 10 in Stealth
 12570 | D:11     | You are sucked into a shaft and drop 1 floor!
 12870 | D:12     | Identified the +5 scale mail of the Game Afoot {SInv}
 12911 | D:12     | Noticed a two-headed ogre
 12929 | D:12     | Reached XP level 13. HP: 54/94 MP: 14/14
 13363 | D:12     | Reached skill level 1 in Short Blades
 13418 | D:12     | Found Bewkow's Weapon Emporium.
 13477 | D:11     | Reached ****** piety under Okawaru
 13545 | D:11     | Received a gift from Okawaru
 14047 | Lair:1   | Entered Level 1 of the Lair of Beasts
 14206 | Lair:1   | Reached skill level 5 in Shields
 14407 | Lair:1   | Found a runed translucent gate.
 14408 | Lair:1   | Found a runed translucent gate.
 14409 | Lair:1   | Found a runed translucent gate.
 14411 | Lair:1   | Noticed jasper's ghost (novice SpVM)
 14669 | Lair:1   | Found a viscous altar of Jiyva.
 14750 | Lair:2   | Received a gift from Okawaru
 15142 | Lair:2   | Reached skill level 10 in Shields
 15816 | Lair:3   | Found a staircase to the Snake Pit.
 16089 | Lair:3   | Found a staircase to the Shoals.
 16855 | Lair:4   | Reached skill level 5 in Short Blades
 16855 | Lair:4   | Reached XP level 14. HP: 100/100 MP: 15/15
 17024 | Lair:4   | Noticed Snorg
 17028 | Lair:4   | Killed Snorg
 18112 | Lair:4   | Found a viscous altar of Jiyva.
 18540 | Lair:4   | Identified the +8 ring mail of the Loofah {rPois rCorr}
                  | (Okawaru gifted it to you on level 4 of the Lair of Beasts)
 18540 | Lair:4   | Received a gift from Okawaru
 18656 | Lair:4   | Found a blossoming altar of Fedhas.
 18821 | Lair:4   | Found a staircase to the Slime Pits.
 19165 | Lair:5   | Entered Level 5 of the Lair of Beasts
 19633 | Lair:4   | Reached skill level 5 in Armour
 19633 | Lair:4   | Reached skill level 1 in Spellcasting
 19770 | Lair:5   | Learned a level 6 spell: Statue Form
 19849 | Lair:5   | Reached skill level 1 in Transmutations
 19867 | Lair:5   | Reached skill level 1 in Earth Magic
 20100 | Lair:5   | Reached XP level 15. HP: 84/105 MP: 20/20
 20544 | Lair:5   | Identified the +13 crystal plate armour of Vexation {rF+
                  | rC+} (Okawaru gifted it to you on level 5 of the Lair of
                  | Beasts)
 20544 | Lair:5   | Received a gift from Okawaru
 22243 | D:11     | Reached skill level 5 in Spellcasting
 22725 | D:12     | Found a staircase to the Orcish Mines.
 23172 | D:13     | Noticed Lodul
 23217 | D:13     | Killed Lodul
 23436 | D:13     | Noticed Nessos
 23441 | D:13     | Reached skill level 5 in Transmutations
 23446 | D:13     | Killed Nessos
 23533 | D:13     | Identified the +7 plate armour of an ice cave {rC- Str+5
                  | Dex-5 SInv} (Okawaru gifted it to you on level 13 of the
                  | Dungeon)
 23533 | D:13     | Received a gift from Okawaru
 24234 | D:13     | Reached skill level 5 in Earth Magic
 24488 | Orc:1    | Entered Level 1 of the Orcish Mines
 25000 | Orc:1    | Reached XP level 16. HP: 102/111 MP: 27/27
 25090 | Orc:2    | Entered Level 2 of the Orcish Mines
 25357 | Orc:2    | Paralysed by an orc sorcerer for 2 turns
 25512 | Orc:2    | Found a staircase to the Elven Halls.
 25516 | Orc:2    | Found Veugay's General Store.
 25576 | Orc:2    | Bought a potion of curing for 42 gold pieces
 25576 | Orc:2    | Bought a scroll of enchant weapon for 105 gold pieces
 25576 | Orc:2    | Bought a potion of curing for 42 gold pieces
 25576 | Orc:2    | Bought a potion of haste for 140 gold pieces
 25652 | Orc:2    | Found Kuipoce's Antique Weapon Shoppe.
 25674 | Orc:2    | Found a radiant altar of Vehumet.
 25676 | Orc:2    | Noticed Erolcha
 25679 | Orc:2    | Killed Erolcha
 25699 | Orc:2    | Found Dyfep's Jewellery Emporium.
 25746 | Orc:2    | Bought the amulet of Enloh {Spirit Drain Will++ rCorr
                  | Dex+3} for 859 gold pieces
 25779 | Orc:2    | Found Hionatad's Distillery.
 25786 | Orc:2    | Found an ancient bone altar of Kikubaaqudgha.
 25922 | Orc:2    | Found Hofila's Jewellery Shoppe.
 26037 | Orc:2    | Bought a potion of curing for 54 gold pieces
 26037 | Orc:2    | Bought a potion of heal wounds for 90 gold pieces
 26037 | Orc:2    | Bought a potion of magic for 144 gold pieces
 26379 | Snake:1  | Entered Level 1 of the Snake Pit
 26388 | Snake:1  | Gained mutation: You sometimes lose your temper in combat.
                  | [potion of mutation]
 26463 | Snake:1  | Received a gift from Okawaru
 28053 | Snake:2  | Found a runed translucent door.
 28676 | Snake:2  | Identified the +0 hand crossbow of Suicidal Tendencies
                  | {freeze, rElec rC+ rCorr Stlth+} (Okawaru gifted it to you
                  | on level 2 of the Snake Pit)
 28676 | Snake:2  | Received a gift from Okawaru
 29575 | Snake:3  | Reached XP level 17. HP: 66/116 MP: 18/31
 29743 | Snake:3  | Received a gift from Okawaru
 29748 | Snake:3  | Found a white marble altar of Elyvilon.
 30424 | Snake:2  | Killed from afar by a shock serpent

Illustrated notes

Levels and vault maps discovered:
D:1:      erik_arrival_orb_chamber, layout_basic,
          nicolae_ecumenical_snake_handling
D:2:      layout_rooms, basic_altar
D:3:      layout_basic, gup_sewer_entry_glass, minmay_quantized, uniq_natasha
D:4:      layout_basic, chequers_temple_overflow_statue_of_worship,
          minmay_temple_entry_grid, uniq_edmund, uniq_blork_the_orc
D:5:      cheibrodos_thug_alley, layout_layer_cave, enter_ossuary_2
D:6:      layout_layer_cave, uniq_pikel
D:7:      layout_loops_ring, nicolae_qazlal_eye_of_the_storm, enter_bailey_5,
          uniq_joseph
D:8:      layout_basic, serial_curves, eino_curves_01, eino_curves_01,
          uniq_gastronok, uniq_maurice
D:9:      layout_basic, old_standard_altar, david_lair_shrubbed, uniq_erica
D:10:     layout_basic, nzn_ghost_randoct, minmay_misc_feat_plants
D:11:     layout_irregular_city
D:12:     layout_roguey, orc_david_3, mrwooster_statue_mirror
D:13:     layout_roguey, gauntlet_entry_generic, serial_aquarium,
          aquarium_bridge_straight [aquarium_subvault_bridge,
          aquarium_subvault_window, aquarium_subvault_bridge,
          aquarium_subvault_wall], aquarium_window_1,
          aquarium_window_corridor_3, aquarium_window_double, aquarium_view_2c,
          aquarium_view_2c, aquarium_balcony_3a, kennysheep_island_fort,
          uniq_lodul, uniq_nessos
D:14:     layout_loops_cross, grunt_vaults_entry_fortified,
          kennysheep_nondescript, chequers_decorated_corner
Temple:   bh_familiar_temple
Lair:1:   layout_cellular_growth, gammafunk_ghost_ooze
Lair:2:   layout_regular_city
Lair:3:   layout_chaotic_city, shoals_dummy_entry,
          minmay_snake_entry_guardpost_small, serial_bayou_pond_c,
          lemuel_fruit_fields
Lair:4:   layout_long_grid, minmay_slime_entry_oklob_open, tgw_fedhas,
          infiniplex_staircase_pool, grunt_megastairs_3, uniq_snorg
Lair:5:   hangedman_lair_caniforms_friends, layout_cave_pods,
          hangedman_lair_tendril_chambers, infiniplex_staircase_pool_2
Snake:1:  kennysheep_six_static_rooms, layout_cave_pods, drop_trap
Snake:2:  cheibrodos_toxic_ritual, layout_grid_maze, grunt_megastairs_4,
          lemuel_fruit_tree
Snake:3:  layout_grid_shapes, basic_altar, nicolae_snake_round_shape_thing
Orc:1:    layout_diamond_mine
Orc:2:    kennysheep_orc_mage_school, layout_caves, serial_shops, shop

Skill      XL: |  1  2  3  4  5  6  7  8  9 10 11 12 13 14 15 16 17 |
---------------+----------------------------------------------------+-----
Stealth        | 2 3 4 6 7 9 10 | 10.2
Dodging        | 3 4 5 6 7 9 10 | 10.8
Ranged Weapons | 5 6 7 8 10 11 | 11.5
Fighting       | 3 4 5 7 9 15 16 | 16.5
Armour         | 1 3 4 5 |  5.3
Short Blades   | 5 8 |  8.0
Shields        | 12 14 | 14.5
Spellcasting   | 3 6 9 |  9.9
Transmutations | 2 5 8 |  8.9
Earth Magic    | 2 5 7 8 |  8.2

Action                     |  1- 3 |  4- 6 |  7- 9 | 10-12 | 13-15 | 16-18 || total
---------------------------+-------+-------+-------+-------+-------+-------++-------
  Melee: Dagger            |       |       |    46 |   139 |    21 |     9 ||   215
         Kick              |       |       |    18 |    86 |   195 |     5 ||   304
         Peck              |       |       |    11 |    44 |   121 |     3 ||   179
         Short sword       |       |       |     3 |    22 |       |       ||    25
         Punch             |       |       |       |     2 |     2 |       ||     4
         Quick blade       |       |       |       |    30 |   370 |     4 ||   404
   Fire: Shortbow          |    94 |   173 |   384 |    42 |       |       ||   693
         Arbalest          |       |       |       |   130 |       |       ||   130
         Longbow           |       |       |       |   127 |    46 |       ||   173
         Hand crossbow     |       |       |       |       |  1065 |   470 ||  1535
  Evoke: Wand              |       |       |       |       |     2 |       ||     2
    Use: Scroll            |     2 |    10 |     8 |    10 |    10 |     9 ||    49
         Potion            |       |     2 |     5 |     5 |     1 |    11 ||    24
   Stab: Sleeping          |       |       |     1 |       |       |       ||     1
         Distracted        |       |       |       |       |     3 |       ||     3
 Armour: Leather armour    |     9 |    34 |       |       |       |       ||    43
         Skin              |       |    12 |       |       |       |       ||    12
         Robe              |       |       |    24 |    17 |       |       ||    41
         Ring mail         |       |       |       |    54 |   315 |    59 ||   428
  Dodge: Dodged            |    23 |   104 |   174 |   307 |   902 |   277 ||  1787
  Block: Kite shield       |       |       |       |       |  1071 |   394 ||  1465
